 Dungeon Crawl Stone Soup version 0.30-a0-722-g3e6e8c874d (webtiles) character file.

Game seed: 8598119501616961399

170 PyroL the Ruffian (level 5, -3/54 HPs)
             Began as a Troll Fighter on Jan 28, 2023.
             Killed by divine providence
             ... invoked by an orc priest
              (10 damage)
             ... on level 3 of the Dungeon.
             The game lasted 00:02:44 (1589 turns).

PyroL the Ruffian (Troll Fighter)                   Turns: 1589, Time: 00:02:45

Health: -3/54      AC:  4    Str: 24    XL:     5   Next: 26%
Magic:  4/4        EV:  8    Int:  4    God:
Gold:   157        SH:  7    Dex:  9    Spells: 4/4 levels left

rFire   . . .      SeeInvis .    g - +5 long sword of Ruothakh {vamp, rElec rN+ Will+++ Int-2}
rCold   . . .      Faith    .    b - +0 kite shield
rNeg    + . .      Spirit   .    a - +0 robe
rPois   .          Reflect  .    (helmet restricted)
rElec   +          Harm     .    (no cloak)
rCorr   .          Rampage  .    (gloves unavailable)
Will    +++..                    (boots unavailable)
Stlth   +                        (no amulet)
HPRegen 1.09/turn                (no ring)
MPRegen 0.09/turn                (no ring)

@: no status effects
A: large, unfitting armour, claws 3, regeneration 1, shaggy fur 1, tough skin 1
a: no special abilities


You were on level 3 of the Dungeon.
You visited 1 branch of the dungeon, and saw 3 of its levels.

You collected 157 gold pieces.

Inventory:

Hand Weapons
 e - a +1 spear of flaming
 g - the +5 long sword of Ruothakh (weapon) {vamp, rElec rN+ Will+++ Int-2}
   (You found it on level 2 of the Dungeon)

   Int:       It affects your intelligence (-2).
   rElec:     It insulates you from electricity.
   rN:        It protects you from negative energy.
   Will:      It greatly increases your willpower.
Missiles
 j - 7 poisoned darts (quivered)
 k - 4 atropa-tipped darts
Armour
 a - a +0 robe (worn)
 b - a +0 kite shield (worn)
Scrolls
 d - 3 scrolls of immolation {unknown}
 f - a scroll of noise {unknown}
 h - a scroll of identify {unknown}
Potions
 c - a potion of might
 i - 3 potions of heal wounds {unknown}


   Skills:
 + Level 3.9 Fighting
 - Level 2.4 Dodging
 - Level 2.6 Shields
 + Level 4.1 Unarmed Combat


You had 4 spell levels left.
You didn't know any spells.
Your spell library contained the following spells:

 Spells                   Type           Power      Damage    Failure   Level
 Tukima's Dance           Hex            0%         N/A       99%         3
 Passage of Golubria      Tloc           0%         N/A       100%        4
 Yara's Violent Unravell  Hex/Tmut       0%         3d3       100%        5


Dungeon Overview and Level Annotations

Branches:
Dungeon (3/15)

Altars:


Innate Abilities, Weirdness & Mutations

You are too large for most types of armour.
You have claws for hands.
Your natural rate of healing is unusually fast.
You are covered in fur. (AC +1)
You have tough skin. (AC +1)


Message History

Beogh smites you!
* * * LOW HITPOINT WARNING * * *
The orc wizard hits you with a +0 dagger.
* * * LOW HITPOINT WARNING * * *
The orc hits you but does no damage. You block the orc wizard's attack.
The orc priest barely misses you.
You slash the orc wizard!
You feel better.
You kill the orc wizard!
You block the orc's attack.
The orc priest hits you with a +0 flail!
* * * LOW HITPOINT WARNING * * *
The orc closely misses you. You block the orc priest's attack.
You slash the orc priest!
You feel better.
The orc priest is heavily wounded.
The orc hits you with a +0 short sword.
* * * LOW HITPOINT WARNING * * *
The orc priest hits you with a +0 flail.
* * * LOW HITPOINT WARNING * * *
You closely miss the orc priest.
The orc priest is heavily wounded.
You block the orc's attack.
The orc priest hits you with a +0 flail.
* * * LOW HITPOINT WARNING * * *
The orc priest hits you with a +0 flail.
* * * LOW HITPOINT WARNING * * *
The orc hits you with a +0 short sword.
* * * LOW HITPOINT WARNING * * *
You hit the orc priest.
You feel better.
The orc priest is severely wounded.
The orc closely misses you. The orc priest barely misses you.
You barely miss the orc priest.
The orc priest is severely wounded.
The orc hits you with a +0 short sword.
* * * LOW HITPOINT WARNING * * *
The orc priest begins to cast a cantrip, but forgets the words!
The orc hits you with a +0 short sword.
* * * LOW HITPOINT WARNING * * *
The orc priest mumbles some strange prayers to Beogh against you.
Beogh smites you!
You die...

........# .#.# +.
.......#....#
#.........#..... #...
.....#..... .
#....#..........
..+..####...##........#
..#.........#..o)...#
#.#.#.....##....@o..#
....#.....++....)...#.##
....#.....##............
...##.....#.............
...##.....#..........#..
.#........'.............
....####..#...#...##....
....##....#...###.....#.
....####+##..... ... ...


You could see an orc priest and an orc.

Vanquished Creatures
  Jessica (D:2)
  Terence (D:2)
  An orc wizard (D:3)
  3 adders (D:2)
  A worm (D:2)
  A dart slug (D:1)
  An orc (D:3)
  7 ball pythons
  4 endoplasms
  5 giant cockroaches
  6 goblins
  2 hobgoblins
  11 jackals
  4 kobolds
  2 quokkas (D:1)
  4 bats
  A frilled lizard (D:2)
  2 rats
57 creatures vanquished.

Vanquished Creatures (others)
  7 plants (D:1)
7 creatures vanquished.

Grand Total: 64 creatures vanquished

Notes
Turn   | Place    | Note
-------+----------+-------------------------------------------
     0 | D:1      | PyroL the Troll Fighter began the quest for the Orb.
     0 | D:1      | Reached XP level 1. HP: 22/22 MP: 0/0
    90 | D:1      | Reached XP level 2. HP: 29/29 MP: 1/1
   293 | D:1      | Reached XP level 3. HP: 37/37 MP: 2/2
   534 | D:2      | Identified the +5 long sword of Ruothakh {vamp, rElec rN+
                  | Will+++ Int-2}
   579 | D:2      | Reached skill level 3 in Unarmed Combat
   735 | D:2      | Noticed Terence
   743 | D:2      | Killed Terence
   744 | D:2      | Reached XP level 4. HP: 44/45 MP: 3/3
   909 | D:2      | Noticed Jessica
   918 | D:2      | Killed Jessica
  1096 | D:2      | Reached XP level 5. HP: 54/54 MP: 4/4
  1578 | D:3      | Reached skill level 4 in Unarmed Combat
  1589 | D:3      | Killed from afar by an orc priest

Illustrated notes

Levels and vault maps discovered:
D:1:      roderic_crop_circles_arrival_small, layout_rooms
D:2:      layout_basic, hangedman_abyss_or_decor_lesser_grid, uniq_jessica,
          uniq_terence
D:3:      minmay_chambers_of_threes, layout_basic, vehumet_altar_wand_db,
          serial_shops, shop

Skill      XL: |  1  2  3  4  5 |
---------------+----------------+-----
Fighting       | 3 |  3.9
Unarmed Combat | 3 4 |  4.1
Dodging        | |  2.4
Shields        | |  2.6

Action                     |  1- 3 |  4- 6 || total
---------------------------+-------+-------++-------
  Melee: Unarmed           |    81 |       ||    81
         Long sword        |    46 |    53 ||    99
   Stab: Sleeping          |     1 |       ||     1
 Armour: Robe              |    45 |    11 ||    56
  Dodge: Dodged            |    55 |    21 ||    76
  Block: Kite shield       |    55 |    18 ||    73

Table legend: (Time is in decaauts)
 A = Elapsed time spent in this place.
 B = Non-inter-level travel time spent in this place.
 C = Inter-level travel time spent in this place.
 D = Time resting spent in this place.
 E = Time spent auto-exploring this place.
 F = Levels seen in this place.
 G = Mean time per level.
                   A        B        C        D        E       F      G
               +--------+--------+--------+--------+--------+-----+--------+
         Total |   1646 |   1564 |     82 |      0 |   1097 |   3 |  548.7 |
       Dungeon |   1646 |   1564 |     82 |      0 |   1097 |   3 |  548.7 |
               +--------+--------+--------+--------+--------+-----+--------+

Top non-repeatable levels by time:
     D:2: 1055 daAuts
     D:1: 523 daAuts
     D:3: 67 daAuts
